cohdb
Replays
Latest Replays
All Replays
Popular Replays
Top Player Replays
Match Explorer
How It Works
Community
CoH3 Stats
Reddit
Sign in to upload your games and track your stats! →
Sign in with Steam
Match 44420217
Unlisted
Match 44420217
Overview
Messages
Build Orders
End
Kradschützen Motorcycle Team
Panzerpioneer Squad
Construct Light Support Kompanie
Assault Grenadier Squad
250 Light Carrier
Selects Armored Support Battlegroup
Assault Grenadier Squad
Fire Support Elements
Pak 38 Mechanized Group
Combat Half-tracks
Selects Veteran Gunners
Assault Grenadier Squad
Pak 38 Anti-tank Gun Team
2.5-tonne Medical Truck
Vehicle Survival Package
Veteran Squad Leaders
Remedy
Wollie
Arturokq
Mystery
0
0
Comments
sign in to comment!
No comments posted yet!